 Dungeon Crawl Stone Soup version 0.19.4-10-g532645f (webtiles) character file.

35 cirnu the Skirmisher (level 3, -1/29 HPs)
             Began as a Demonspawn Chaos Knight on Feb 22, 2017.
             Slain by a sixfirhy (10 damage)
             ... summoned by Xom
             ... on level 2 of the Dungeon.
             The game lasted 00:05:51 (770 turns).

cirnu the Skirmisher (Demonspawn Chaos Knight)       Turns: 770, Time: 00:05:51

Health: -1/29      AC:  5    Str: 13    XL:     3   Next: 16%
Magic:  2/2        EV: 11    Int: 16    God:    Xom [......]
Gold:   99         SH:  0    Dex: 12    Spells: 0 memorised, 2 levels left

rFire  . . .     SeeInvis .     a - +0 spear (chaos)
rCold  . . .     Gourm    .     b - +2 leather armour
rNeg   . . .     Faith    .     (no shield)
rPois  .         Spirit   .     (no helmet)
rElec  .         Reflect  .     (no cloak)
rCorr  .         Harm     .     (no gloves)
MR     .....                    (no boots)
Stlth  +.........               (no amulet)
                                (no ring)
                                m - +3 ring of intelligence

@: lethally poisoned (-1 -> -7), flying
A: hooves 1, low mp 1, rot immunity
a: Renounce Religion


You were on level 2 of the Dungeon.
You worshipped Xom.
You were a very special plaything of Xom.
You were not hungry.

You visited 1 branch of the dungeon, and saw 2 of its levels.

You collected 99 gold pieces.

Inventory:

Hand Weapons
 a - a +0 spear of chaos (weapon)
Armour
 b - a +2 leather armour (worn)
 h - a cursed -1 buckler
 l - a +0 pair of boots
Jewellery
 m - a +3 ring of intelligence (left hand)
Scrolls
 d - a scroll of fear
Comestibles
 c - a bread ration
 f - a slice of pizza
 g - 2 beef jerkies


   Skills:
 + Level 3.6 Fighting
 + Level 3.3 Polearms
 + Level 1.8 Armour
 + Level 1.0 Dodging
 + Level 0.2 Stealth


You had 2 spell levels left.
You didn't know any spells.

Dungeon Overview and Level Annotations

Branches:
Dungeon (2/15)

Altars:

Annotations:
D:2 Sigmund


Innate Abilities, Weirdness & Mutations

You have large cloven feet.
You are immune to rotting.
Your magical capacity is low. (-10% MP)


Message History

Your kick misses the quokka.
The quokka is severely wounded.
Sigmund completely misses you. The quokka barely misses you.
You hit the quokka.
The quokka seems to slow down.
You kick the quokka, but do no damage.
The quokka is severely wounded.
The quokka is no longer moving slowly.
The quokka bites you.
Sigmund hits you from afar with a scythe of venom.
You are poisoned.
You hit the quokka but do no damage.
The quokka is severely wounded.
You feel sick.
You hear Xom's maniacal laughter.
The quokka misses you.
You hit the quokka.
You kill the quokka!
You feel sick. The sixfirhy hits you. The sixfirhy shocks you!
The sixfirhy hits you!
You die...
Xom thinks this is hilarious!

#†# #.## #.#
#... #.# #..#
#.# #..# #.#
#..# #.# #..#
#.#
#.#####†.####.##
.....@.@3......#
.....s.......†.#
#.######[#####.#
#.# .# #.# .#
#.# .# #.# .#
#.# .# #[# .#


You could see a sixfirhy, Sigmund and a giant cockroach.

Vanquished Creatures
  An adder (D:1)
  2 dart slugs (D:1)
  A leopard gecko (D:1)
  A bat (D:1)
  4 goblins (D:1)
  3 hobgoblins
  3 jackals (D:1)
  A quokka (D:2)
  2 kobolds
18 creatures vanquished.

Notes
Turn   | Place    | Note
-------+----------+-------------------------------------------
     0 | D:1      | cirnu the Demonspawn Chaos Knight began the quest for the Orb.
     0 | D:1      | Reached XP level 1. HP: 18/18 MP: 1/1
   110 | D:1      | XOM: harmless Ice miscast
   170 | D:1      | XOM: harmless Summ miscast
   179 | D:1      | Reached skill level 1 in Dodging
   252 | D:1      | XOM: swap monsters
   264 | D:1      | Gained mutation: You have large cloven feet. [demonic ancestry]
   264 | D:1      | Reached XP level 2. HP: 17/24 MP: 2/2
   600 | D:1      | XOM: polymorph rat -> adder
   611 | D:1      | Gained mutation: You are immune to rotting. [demonic ancestry]
   611 | D:1      | Reached XP level 3. HP: 23/29 MP: 3/3
   705 | D:1      | XOM: give mutations
   705 | D:1      | Gained mutation: You have hoof-like feet. [Xom's mischief]
   705 | D:1      | Gained mutation: Your magical capacity is low. (-10% MP) [Xom's mischief]
   705 | D:1      | Lost mutation: You have hoof-like feet. [Xom's mischief]
   763 | D:2      | Noticed Sigmund
   769 | D:2      | XOM: summons 1 hostile demon
   770 | D:2      | Noticed a sixfirhy
   770 | D:2      | Slain by a sixfirhy

Skill      XL: |  1 |
---------------+----+-----
Dodging        | 1 |  1.0
Polearms       | 3 |  3.3
Fighting       | |  3.6
Armour         | |  1.8
Stealth        | |  0.2

Action                   || total
-------------------------++-------
Melee: Spear             ||    68
       Kick              ||    12
  Use: Scroll            ||     4
       Potion            ||     1
 Stab: Confused          ||     1
       Petrifying        ||     1
Armor: Leather armour    ||    23
Dodge: Dodged            ||    39
